 Dungeon Crawl Stone Soup version 0.30-b1-2-g02819fbbbe (webtiles) character file.

Game seed: 17970897311022467833

25 vatarom the Conjurer (level 2, -1/20 HPs)
             Began as a Draconian Conjurer on June 12, 2023.
             Slain by an iguana (5 damage)
             ... on level 2 of the Dungeon.
             The game lasted 00:03:22 (1287 turns).

vatarom the Conjurer (Draconian Conjurer)           Turns: 1287, Time: 00:03:23

Health: -1/20      AC:  4    Str:  9    XL:     2   Next: 86%
Magic:  0/5        EV: 12    Int: 18    God:
Gold:   4          SH:  0    Dex:  9    Spells: 2/5 levels left

rFire   . . .        i - +2 dagger (venom)
rCold   . . .        (no shield)
rNeg    . . .        (body armour unavailable)
rPois   .            (helmet restricted)
rElec   .            h - scarf {repulsion}
rCorr   .            (no gloves)
SInv    .            (no boots)
Will    .....        (no amulet)
Stlth   ++           w - ring of wizardry
HPRegen 0.23/turn    c - ring of flight
MPRegen 0.09/turn

%: repel missiles, wizardry (x1)
@: flying
A: AC +4, unfitting armour, cold-blooded
a: no special abilities


You were on level 2 of the Dungeon.
You visited 1 branch of the dungeon, and saw 2 of its levels.

You collected 4 gold pieces.

Inventory:

Hand Weapons
 i - a +2 dagger of venom (weapon)
Missiles
 b - 4 curare-tipped darts
Armour
 g - a +2 cloak of preservation
 h - a scarf of repulsion (worn)
Jewellery
 c - a ring of flight (right hand)
 w - a ring of wizardry (left hand)
Scrolls
 d - 2 scrolls of torment
Potions
 a - a potion of magic
 e - a potion of heal wounds {unknown}
 f - a potion of brilliance {@q6}


   Skills:
 + Level 2.1 Dodging
 + Level 2.1 Stealth
 + Level 2.2 Spellcasting
 * Level 4.3 Conjurations


You had 2 spell levels left.
You knew the following spells:

 Your Spells              Type           Power      Damage    Failure   Level
a - Magic Dart            Conj           68%        1d6       1%          1
b - Searing Ray           Conj           34%        2d5       1%          2

Your spell library contained the following spells:

 Spells                   Type           Power      Damage    Failure   Level
 Dazzling Flash           Conj/Hex       18%        N/A       9%          3
 Fulminant Prism          Conj/Hex       4%         3d5       26%         4
 Iskenderun's Mystic Bla  Conj/Tloc      9%         2d4       26%         4


Dungeon Overview and Level Annotations

Branches:
Dungeon (2/15)

Altars:


Innate Abilities, Weirdness & Mutations

Your plain brown scales are hard. (AC +4)
You cannot fit into any form of body armour.
You are cold-blooded and may be slowed by cold attacks.


Message History

Aim: an adder (100% to hit)
The magic dart hits the adder but does no damage.
Casting: Magic Dart (safe; 1% risk of failure)
Confirm with . or Enter, or press ? or * to list all spells.
Aiming: Searing Ray (safe; 1% risk of failure)
Press: ? - help, Shift-Dir - straight line, f/p - adder
Aim: an adder (63% to hit)
The searing ray hits the adder!
The adder is severely wounded. (Press . to maintain the ray.)
The adder misses you.
The searing ray hits the adder!
You kill the adder!
You see here an adder corpse.
You start resting.
An iguana comes into view.
Casting: Searing Ray (safe; 1% risk of failure)
Confirm with . or Enter, or press ? or * to list all spells.
Aiming: Searing Ray (safe; 1% risk of failure)
Press: ? - help, Shift-Dir - straight line, f - iguana
Aim: an iguana (wandering, hasn't noticed you, 81% to hit)
The searing ray hits the iguana.
The iguana is lightly wounded.
The iguana hisses angrily. (Press . to maintain the ray.)
Casting: Searing Ray (safe; 1% risk of failure)
Confirm with . or Enter, or press ? or * to list all spells.
You don't have enough magic to cast this spell.
Unknown command.
The searing ray hits the iguana.
The iguana is heavily wounded.
Without enough magic to sustain it, your searing ray dissipates.
The iguana bites you!
You hit the iguana but do no damage.
The iguana is poisoned.
The iguana is heavily wounded.
The iguana closely misses you. The iguana attacks as you move away!
The iguana bites you!
* * * LOW HITPOINT WARNING * * *
The iguana attacks as you move away! The iguana bites you.
You die...

# #.# #.#.#
#.#.# #.#.###
..... ... #.#
#l# #@# ##.#
#.†####.#.
####........^
#............
#.##.#.###.#.
#.#..#.# #
#.#..#.#
#.#..#..#


You could see an iguana (very poisoned).

Vanquished Creatures
  An adder (D:2)
  A dart slug (D:1)
  2 ball pythons
  2 endoplasms (D:1)
  A goblin (D:1)
  A hobgoblin (D:1)
  A frilled lizard (D:1)
  2 kobolds (D:1)
  4 rats (D:1)
15 creatures vanquished.

Vanquished Creatures (others)
  2 demonic plants (D:1)
2 creatures vanquished.

Grand Total: 17 creatures vanquished

Notes
Turn   | Place    | Note
-------+----------+-------------------------------------------
     0 | D:1      | vatarom the Draconian Conjurer began the quest for the Orb.
     0 | D:1      | Reached XP level 1. HP: 14/14 MP: 3/3
     7 | D:1      | Found a faded altar of an unknown god.
   371 | D:1      | Reached XP level 2. HP: 20/20 MP: 3/5
   374 | D:1      | Learned a level 2 spell: Searing Ray
  1287 | D:2      | Slain by an iguana

Illustrated notes

Levels and vault maps discovered:
D:1:      amcnicky_arrival_single_pillar, layout_basic,
          shapermc_ecumenical_altar_gd, serial_corexii_hall,
          chequers_hall_statues_corner_a, chequers_hall_statues_corner_a,
          chequers_hall_statues_corner_a
D:2:      layout_loops_ring, minivault_23, minmay_between

Skill      XL: |  1  2 |
---------------+-------+-----
Stealth        | 2 |  2.1
Dodging        | 2 |  2.1
Spellcasting   | |  2.2
Conjurations   | |  4.3

Action                     || total
---------------------------++-------
  Melee: Unarmed           ||     5
         Tailslap          ||     3
         Dagger            ||     6
         Mace              ||     2
  Throw: Dart              ||     2
   Cast: Magic Dart        ||    24
         Searing Ray       ||     2
    Use: Scroll            ||     4
 Armour: Skin              ||     4
  Dodge: Dodged            ||     9
